 Dungeon Crawl Stone Soup version 0.25.1-2-g60ff931df9 (webtiles) character file.

Game seed: 274619137856872883

774 Delamore the Basher (level 7, -1/41 HPs)
             Began as a Gargoyle Fighter on July 29, 2020.
             Was a Follower of Okawaru.
             Slain by an ice beast (8 damage)
             ... on level 5 of the Dungeon.
             The game lasted 00:03:55 (4349 turns).

Delamore the Basher (Gargoyle Fighter)              Turns: 4349, Time: 00:03:56

Health: -1/41      AC: 14    Str: 22    XL:     7   Next: 84%
Magic:  7/7        EV:  7    Int:  8    God:    Okawaru [*.....]
Gold:   230        SH:  9    Dex:  9    Spells: 6/6 levels left

rFire    . . .     SeeInvis .   y - +2 flail (holy)
rCold    . . .     Gourm    .   c - +0 kite shield
rNeg     + . .     Faith    .   b - +0 scale mail
rPois    ∞         Spirit   .   t - +1 helmet
rElec    +         Reflect  .   h - +0 cloak
rCorr    .         Harm     .   (no gloves)
MR       .....                  (no boots)
Stlth    ..........             (no amulet)
HPRegen  0.13/turn              (no ring)
MPRegen  0.10/turn              (no ring)

@: no status effects
A: negative energy resistance 1, electricity resistance, unbreathing,
petrification resistance, rot immunity, AC +4
a: Heroism, Renounce Religion


You were on level 5 of the Dungeon.
You worshipped Okawaru.
Okawaru was aware of your devotion.
You were near starving.

You visited 1 branch of the dungeon, and saw 5 of its levels.

You collected 295 gold pieces.
You spent 65 gold pieces at shops.

Inventory:

Hand Weapons
 a - a +0 flail
 y - a +2 flail of holy wrath (weapon)
Armour
 b - a +0 scale mail (worn)
 c - a +0 kite shield (worn)
 h - a +0 cloak (worn)
 r - a +0 helmet
 t - a +1 helmet (worn)
Jewellery
 j - an uncursed ring of ice
Wands
 z - a wand of paralysis (5)
 B - a wand of random effects (21)
 D - a wand of flame (14)
Scrolls
 g - 3 scrolls of amnesia {unknown}
 i - 2 scrolls of magic mapping {unknown}
 k - 3 scrolls of teleportation {unknown}
 l - 2 scrolls of remove curse {unknown}
 m - a scroll of fog {unknown}
 n - 2 scrolls of immolation {unknown}
 o - 2 scrolls of identify {unknown}
 p - a scroll of blinking {unknown}
 q - 2 scrolls of random uselessness {unknown}
 u - a scroll of enchant armour {unknown}
Potions
 d - 2 potions of might
 e - 6 potions of heal wounds
 s - 3 potions of degeneration {unknown}
 v - a potion of haste {unknown}
 w - 2 potions of curing
 x - a potion of flight {unknown}
 A - a potion of cancellation {unknown}
 C - a potion of invisibility {unknown}
Comestibles
 f - 5 rations


   Skills:
 - Level 3.2 Fighting
 + Level 8.7 Maces & Flails
 - Level 3.2 Armour
 - Level 3.2 Shields


You had 6 spell levels left.
You didn't know any spells.
Your spell library contained the following spells:

 Spells                   Type           Power        Failure   Level  Hunger
 Animate Skeleton         Necr           N/A          99%         1    ##.....
 Apportation              Tloc           #.....       99%         1    ##.....
 Corona                   Hex            #......      99%         1    ##.....
 Magic Dart               Conj           #...         99%         1    ##.....
 Summon Small Mammal      Summ           #...         99%         1    ##.....
 Call Imp                 Summ           #.......     100%        2    ###....
 Searing Ray              Conj           #.....       100%        2    ###....
 Call Canine Familiar     Summ           #.......     100%        3    ####...
 Dazzling Flash           Conj/Hex       #.....       100%        3    ####...
 Summon Guardian Golem    Hex/Summ       #.......     100%        3    ####...
 Fulminant Prism          Conj/Hex       #.........   100%        4    #####..
 Iskenderun's Mystic Bla  Conj/Tloc      #.......     100%        4    #####..
 Summon Ice Beast         Ice/Summ       #.......     100%        4    #####..
 Summon Lightning Spire   Summ/Air       #.......     100%        4    #####..


Dungeon Overview and Level Annotations

Branches:
Dungeon (5/15)
 Temple: D:4-7

Altars:
Ashenzari
Cheibriados
Elyvilon
Hepliaklqana
Makhleb
Okawaru
Vehumet
Xom
Zin
The Shining One

Shops:
D:5 !


Innate Abilities, Weirdness & Mutations

You are resistant to torment.
Your stone body is resilient. (AC +4)
You are immune to poison.
You resist negative energy. (rN+)
You are resistant to electric shocks. (rElec)
You can survive without breathing.
You are immune to petrification.
You are immune to rotting.


Message History

You are too injured to fight recklessly!
You are too injured to fight recklessly!
You are too injured to fight recklessly!
You are too injured to fight recklessly!
The shadow imp hits you.
You block the bullfrog skeleton's attack.
You sock the bullfrog skeleton!
The bullfrog skeleton convulses!
The bullfrog skeleton is heavily damaged.
Your shield and scale mail prevent you from hitting the ice beast.
The ice beast is heavily wounded.
You barely miss the ice beast.
The ice beast is heavily wounded.
The ice beast hits you. The ice beast freezes you.
* * * LOW HITPOINT WARNING * * *
Your shield and scale mail prevent you from hitting the ice beast.
The ice beast is heavily wounded.
The ice beast hits you.
* * * LOW HITPOINT WARNING * * *
The ice beast freezes you!
You die...

#..............#
#..............#
#..............#
#..............#
#............##
#....†Z.......
######5###.5.
#Y# #@# #.# #.#
#.# #.# #.# #.#
### #.#
#######.. #.#
#.......#


You could see an ice beast, a shadow imp and a bullfrog skeleton.

Vanquished Creatures
  Menkaure (D:5)
  2 sky beasts (D:5)
  A water moccasin skeleton (D:4)
  2 vampire bats (D:3)
  An orc priest (D:4)
  3 orc wizards (D:4)
  Jessica (D:2)
  Terence (D:3)
  A worker ant (D:4)
  A hound skeleton (D:5)
  Robin (D:3)
  3 adders
  A gnoll (D:1)
  A dart slug (D:2)
  3 worms (D:2)
  2 leopard geckos
  13 orcs
  A ball python (D:2)
  2 giant cockroaches
  9 goblins
  8 hobgoblins
  4 jackals (D:2)
  3 quokkas
  11 bats
  5 frilled lizards
  8 kobolds
  6 rats
95 creatures vanquished.

Notes
Turn   | Place    | Note
-------+----------+-------------------------------------------
     0 | D:1      | Delamore the Gargoyle Fighter began the quest for the Orb.
     0 | D:1      | Reached XP level 1. HP: 14/14 MP: 1/1
    26 | D:1      | Reached XP level 2. HP: 17/19 MP: 2/2
   215 | D:1      | Reached skill level 3 in Maces & Flails
   667 | D:1      | Reached XP level 3. HP: 23/23 MP: 3/3
   977 | D:2      | Reached skill level 4 in Maces & Flails
   989 | D:2      | Reached XP level 4. HP: 28/28 MP: 4/4
  1065 | D:2      | Noticed Jessica
  1071 | D:2      | Killed Jessica
  1114 | D:2      | Found a burning altar of Makhleb.
  1242 | D:2      | Found a faded altar of an unknown god.
  1702 | D:3      | Noticed Terence
  1746 | D:3      | Killed Terence
  1746 | D:3      | Reached skill level 5 in Maces & Flails
  1746 | D:3      | Reached XP level 5. HP: 9/32 MP: 5/5
  2007 | D:3      | Noticed Robin
  2017 | D:3      | Killed Robin
  2184 | D:3      | Found a snail-covered altar of Cheibriados.
  2347 | D:3      | Reached skill level 6 in Maces & Flails
  2347 | D:3      | Reached XP level 6. HP: 35/37 MP: 6/6
  2972 | D:4      | Found an iron altar of Okawaru.
  2995 | D:4      | Became a worshipper of Warmaster Okawaru
  3233 | D:4      | Reached skill level 7 in Maces & Flails
  3352 | D:4      | Reached XP level 7. HP: 41/41 MP: 7/7
  3788 | D:5      | Entered Level 5 of the Dungeon
  3795 | D:5      | Found a radiant altar of Vehumet.
  3808 | D:5      | Found a hazy altar of Hepliaklqana.
  3809 | D:5      | Found a shimmering altar of Xom.
  3810 | D:5      | Found a shattered altar of Ashenzari.
  3812 | D:5      | Found a glowing golden altar of the Shining One.
  3812 | D:5      | Found a glowing silver altar of Zin.
  3813 | D:5      | Found a white marble altar of Elyvilon.
  4004 | D:5      | Reached * piety under Okawaru
  4004 | D:5      | Reached skill level 8 in Maces & Flails
  4162 | D:5      | Found Mucun's Distillery.
  4172 | D:5      | Bought a potion of heal wounds for 65 gold pieces
  4200 | D:5      | Noticed Menkaure
  4205 | D:5      | Killed Menkaure
  4349 | D:5      | Slain by an ice beast

Illustrated notes

Levels and vault maps discovered:
D:1:      eino_arrival_water_star, layout_basic, nrook_loot_triangle
D:2:      layout_basic, lightli_temple_of_fire, first_ration,
          chequers_ecumenical_altar_simple_redux, grunt_decor_cap, uniq_jessica
D:3:      layout_loops_ring, lemuel_crystal_altar, roderic_batcave,
          grunt_ministairs_12, uniq_robin, uniq_terence
D:4:      layout_basic, okawaru_metal_pillars_1_2, minmay_starry_boxes
D:5:      layout_rooms, grunt_temple_overflow_open, serial_shops, shop,
          uniq_menkaure

Skill      XL: |  1  2  3  4  5  6  7 |
---------------+----------------------+-----
Maces & Flails | 3 4 5 6 7 8 |  8.7
Fighting       | |  3.2
Armour         | |  3.2
Shields        | |  3.2

Action                   |  1- 3 |  4- 6 |  7- 9 || total
-------------------------+-------+-------+-------++-------
Melee: Flail             |   109 |   281 |    58 ||   448
  Eat: Chunk             |       |     9 |     1 ||    10
Armor: Scale mail        |    65 |   178 |    37 ||   280
Dodge: Dodged            |    32 |    76 |    16 ||   124
Block: Kite shield       |    52 |   130 |    18 ||   200
